 Dungeon Crawl Stone Soup version 0.31-a0-986-g5e6e4ef867 (webtiles) character file.

Game seed: 15412960027901602941

51 lessens the Ducker (level 3, -1/31 HPs)
             Began as a Gnoll Gladiator on Nov 7, 2023.
             Slain by a kobold
             ... wielding a +0 club
              (2 damage)
             ... on level 2 of the Dungeon.
             The game lasted 00:00:44 (589 turns).

lessens the Ducker (Gnoll Gladiator)                 Turns: 589, Time: 00:00:45

Health: -1/31      AC:  4    Str: 15    XL:     3   Next: 83%
Magic:  4/4        EV: 14    Int:  7    God:
Gold:   94         SH:  0    Dex: 13    Spells: 4/4 levels left

rFire   . . .        a - +0 war axe
rCold   . . .        (no shield)
rNeg    + . .        b - +0 leather armour
rPois   .            c - +0 helmet
rElec   .            (no cloak)
rCorr   .            (no gloves)
SInv    .            (no boots)
Will    .....        (no amulet)
Stlth   +            i - ring of positive energy
HPRegen 0.25/turn    (no ring)
MPRegen 0.09/turn

%: no passive effects
@: no status effects
A: fangs 1, strong nose, distributed training
a: no special abilities


You were on level 2 of the Dungeon.
You visited 1 branch of the dungeon, and saw 2 of its levels.

You collected 94 gold pieces.

Inventory:

Hand Weapons
 a - a +0 war axe (weapon)
Missiles
 d - 3 throwing nets (quivered)
 e - 6 javelins
 f - 15 stones
 n - 2 poisoned darts
Armour
 b - a +0 leather armour (worn)
 c - a +0 helmet (worn)
Jewellery
 i - a ring of positive energy (left hand)
Scrolls
 j - a scroll of blinking {unknown}
 k - a scroll of identify {unknown}
 l - a scroll of fear {unknown}
Potions
 g - a potion of brilliance {unknown}
 h - a potion of curing {unknown}
 m - 2 potions of enlightenment {unknown}


   Skills:
 + Level 4.6 Fighting
 + Level 1.0 Short Blades
 + Level 1.0 Long Blades
 + Level 6.5 Axes
 + Level 1.0 Maces & Flails
 + Level 1.0 Polearms
 + Level 1.0 Staves
 + Level 1.0 Ranged Weapons
 + Level 4.6 Throwing
 + Level 1.0 Armour
 + Level 6.5 Dodging
 + Level 1.0 Stealth
 + Level 1.0 Shields
 + Level 1.0 Unarmed Combat
 + Level 1.0 Spellcasting
 + Level 0.7 Conjurations
 + Level 0.7 Hexes
 + Level 0.7 Summonings
 + Level 0.7 Necromancy
 + Level 0.7 Translocations
 + Level 0.7 Transmutations
 + Level 0.7 Fire Magic
 + Level 0.7 Ice Magic
 + Level 0.7 Air Magic
 + Level 0.7 Earth Magic
 + Level 0.7 Poison Magic
 + Level 1.0 Invocations
 + Level 1.0 Evocations
 + Level 0.8 Shapeshifting


You had 4 spell levels left.
You didn't know any spells.
Your spell library contained the following spells:

 Spells                   Type           Power      Damage    Failure   Level
 Cigotuvi's Dreadful Rot  Necr/Pois/Air  2%         N/A       52%         2
 Dispel Undead            Necr           1%         3d6       98%         4
 Death Channel            Necr           0%         N/A       100%        6


Dungeon Overview and Level Annotations

Branches:
Dungeon (2/15) Zot: 11399

Altars:


Innate Abilities, Weirdness & Mutations

You have very sharp teeth.
Your uncanny sense of smell can sniff out nearby items.
Your experience applies equally to all skills.


Message History

The frilled lizard bites you but does no damage.
You see here an adder corpse.
You barely miss the frilled lizard. You slash the bat!
You kill the bat!
The frilled lizard bites you but does no damage.
The iguana hisses menacingly.
You miss the frilled lizard. You miss the kobold.
The frilled lizard closely misses you.
A kobold comes into view. It is wielding a +0 club.
The kobold hits you but does no damage.
You barely miss the frilled lizard. You closely miss the kobold.
The kobold shouts!
The frilled lizard completely misses you.
The kobold hits you but does no damage.
You closely miss the iguana. You barely miss the frilled lizard.
You hit the kobold.
You kill the kobold!
The frilled lizard barely misses you. The iguana bites you!
The iguana closely misses you. The frilled lizard closely misses you.
You hit the iguana but do no damage. You slash the frilled lizard!
You kill the frilled lizard!
The iguana barely misses you.
You slash the iguana!
The iguana is heavily wounded.
The iguana bites you!
You barely miss the iguana.
The iguana is heavily wounded.
The iguana barely misses you.
You hit the iguana but do no damage.
The iguana is heavily wounded.
You hit the kobold but do no damage. The iguana bites you!
* * * LOW HITPOINT WARNING * * *
The kobold misses you.
You are too injured to fight recklessly!
You are too injured to fight recklessly!
Found a scroll labelled USHYNONEAPP.
The iguana attacks as it pursues you! The iguana bites you.
* * * LOW HITPOINT WARNING * * *
The kobold hits you with a +0 club.
You die...

............#. #.#
.....?.......... ####..
.................. ..#...##
.....#............
#......##... .............
........#.#####..#.........
...........................
...........###.#@#......<..
.#...............K.........
......>†.##....<...†)>.....
..........#.........$......
........<.................#
#.........................#
.........................?#
.....†.....................
............<...........[#.


You could see a kobold.

Vanquished Creatures
  2 adders (D:2)
  A worm (D:2)
  2 dart slugs (D:1)
  An endoplasm (D:1)
  2 goblins
  2 hobgoblins
  4 kobolds
  3 ball pythons (D:1)
  8 bats
  2 frilled lizards
  2 rats (D:1)
29 creatures vanquished.

Notes
Turn   | Place    | Note
-------+----------+-------------------------------------------
     0 | D:1      | lessens the Gnoll Gladiator began the quest for the Orb.
     0 | D:1      | Reached XP level 1. HP: 20/20 MP: 1/1
   317 | D:1      | Reached XP level 2. HP: 26/26 MP: 2/2
   519 | D:2      | Reached XP level 3. HP: 31/31 MP: 3/3
   533 | D:2      | Reached skill level 1 in Invocations
   578 | D:2      | Reached skill level 1 in Short Blades
   578 | D:2      | Reached skill level 1 in Long Blades
   578 | D:2      | Reached skill level 1 in Maces & Flails
   578 | D:2      | Reached skill level 1 in Polearms
   578 | D:2      | Reached skill level 1 in Staves
   578 | D:2      | Reached skill level 1 in Ranged Weapons
   578 | D:2      | Reached skill level 1 in Armour
   578 | D:2      | Reached skill level 1 in Stealth
   578 | D:2      | Reached skill level 1 in Shields
   578 | D:2      | Reached skill level 1 in Unarmed Combat
   578 | D:2      | Reached skill level 1 in Spellcasting
   578 | D:2      | Reached skill level 1 in Evocations
   588 | D:2      | HP: 1/31 [iguana (5)]
   589 | D:2      | Slain by a kobold

Illustrated notes

Levels and vault maps discovered:
D:1:      dpeg_arrival_simpleton_b, layout_basic
D:2:      layout_rooms

Skill      XL: |  1  2  3 |
---------------+----------+-----
Invocations    | 1 |  1.0
Short Blades   | 1 |  1.0
Long Blades    | 1 |  1.0
Maces & Flails | 1 |  1.0
Polearms       | 1 |  1.0
Staves         | 1 |  1.0
Ranged Weapons | 1 |  1.0
Armour         | 1 |  1.0
Stealth        | 1 |  1.0
Shields        | 1 |  1.0
Unarmed Combat | 1 |  1.0
Spellcasting   | 1 |  1.0
Evocations     | 1 |  1.0
Fighting       | |  4.6
Axes           | |  6.5
Throwing       | |  4.6
Dodging        | |  6.5
Conjurations   | |  0.7
Hexes          | |  0.7
Summonings     | |  0.7
Necromancy     | |  0.7
Translocations | |  0.7
Transmutations | |  0.7
Fire Magic     | |  0.7
Ice Magic      | |  0.7
Air Magic      | |  0.7
Earth Magic    | |  0.7
Poison Magic   | |  0.7
Shapeshifting  | |  0.8

Action                     || total
---------------------------++-------
  Melee: War axe           ||    64
         Bite              ||     2
 Armour: Leather armour    ||    51
  Dodge: Dodged            ||    57

Table legend: (Time is in decaauts)
 A = Elapsed time spent in this place.
 B = Non-inter-level travel time spent in this place.
 C = Inter-level travel time spent in this place.
 D = Time resting spent in this place.
 E = Time spent auto-exploring this place.
 F = Levels seen in this place.
 G = Mean time per level.
                   A        B        C        D        E       F      G
               +--------+--------+--------+--------+--------+-----+--------+
         Total |    599 |    585 |     14 |      0 |    428 |   2 |  299.5 |
       Dungeon |    599 |    585 |     14 |      0 |    428 |   2 |  299.5 |
               +--------+--------+--------+--------+--------+-----+--------+

Top non-repeatable levels by time:
     D:1: 508 daAuts
     D:2: 91 daAuts

Levels and vault maps discovered:
D:1:      dpeg_arrival_simpleton_b, layout_basic
D:2:      layout_rooms
